[Event "Titled Tuesday Blitz February 14 Late 2023"]
[White "Estrada Nieto, Julian"]
[Black "Stachanczyk, Jacek"]
[WhiteFideId "5101018"]
[BlackFideId "1116657"]
[WhiteElo "2215"]
[BlackElo "2147"]
[Result "1-0"]
[Round "11"]
[TimeControl "180+2"]
[Date "2023.02.14"]
[WhiteClock "0:02:02"]
[BlackClock "0:01:47"]

1. e4 c5 2. Nf3 d6 3. d4 cxd4 4. Qxd4 Nf6 5. Nc3 Nc6 6. Bb5 Bd7 7. Bxc6 Bxc6 8. Bg5 e6 9. O-O-O Be7 10. Rhe1 O-O 11. Kb1 Qa5 12. Qd2 Rfd8 13. Nd4 Be8 14. f3 Rac8 15. Nd5 Qxd2 16. Nxe7+ Kf8 17. Bxd2 Kxe7 18. Bb4 Nd7 19. e5 Nc5 20. exd6+ Rxd6 21. Nf5+ 1-0


[Site "https://www.chess.com"]

[Event "Titled Tuesday Blitz February 14 Late 2023"]
[White "Stanisz, Patryk"]
[Black "Davidson, Kevin"]
[WhiteFideId "1123106"]
[BlackFideId "2056810"]
[WhiteElo "2161"]
[BlackElo "2154"]
[Result "0-1"]
[Round "11"]
[TimeControl "180+2"]
[Date "2023.02.14"]
[WhiteClock "0:00:02"]
[BlackClock "0:00:09"]

1. Nf3 Nf6 2. d4 g6 3. c4 Bg7 4. Nc3 d6 5. e4 O-O 6. Be2 e5 7. O-O Nc6 8. d5 Ne7 9. b4 a5 10. bxa5 c5 11. Bd2 Rxa5 12. a4 Ra6 13. Ne1 Ne8 14. Qc1 f5 15. f3 Nf6 16. Bd1 h5 17. Nb5 f4 18. Ra2 g5 19. a5 Ng6 20. Bc3 g4 21. Nd3 Ne8 22. Qb2 g3 23. Be1 Qh4 24. h3 Rf7 25. Bc3 Nf8 26. Re1 Nh7 27. Be2 Ng5 28. Bf1 Bxh3 29. gxh3 Nxf3+ 30. Kh1 Nxe1 31. Nxe1 f3 32. Nxf3 Rxf3 33. Bg2 Rf2 34. Qb1 Nf6 35. Be1 Rxa2 36. Qxa2 Nxe4 37. Qe2 Nf2+ 38. Bxf2 gxf2 39. Bf1 Rxa5 40. Qf3 Qf4 41. Qxf4 exf4 42. Nxd6 Ra7 43. Kg2 Bd4 0-1


[Site "https://www.chess.com"]

[Event "Titled Tuesday Blitz February 14 Late 2023"]
[White "Torres Dominguez, David"]
[Black "Ruiz Aguilar, Pablo Alexander"]
[WhiteFideId "2220857"]
[BlackFideId "4401352"]
[WhiteElo "1994"]
[BlackElo "2161"]
[Result "0-1"]
[Round "11"]
[TimeControl "180+2"]
[Date "2023.02.14"]
[WhiteClock "0:00:04"]
[BlackClock "0:00:03"]

1. e4 c5 2. Nc3 g6 3. f4 Bg7 4. Nf3 Nc6 5. Be2 e6 6. d4 Nxd4 7. Nxd4 cxd4 8. Nb5 d6 9. Qd3 Ne7 10. Nxd4 O-O 11. Be3 d5 12. e5 Bd7 13. O-O-O Rc8 14. Kb1 a6 15. h4 Ba4 16. h5 Nf5 17. b3 Nxd4 18. Qxd4 Bb5 19. Bf3 Qc7 20. Rd2 Qc3 21. Qxc3 Rxc3 22. Bd4 Rcc8 23. Re1 a5 24. a4 Ba6 25. Bb6 Rc6 26. Bxa5 b5 27. Bb4 Rfc8 28. a5 Bf8 29. Bxf8 Kxf8 30. Kb2 b4 31. Ra1 Rc3 32. Ra4 d4 33. Rxb4 d3 34. cxd3 Bxd3 35. Bb7 Rc2+ 36. Rxc2 Rxc2+ 37. Ka3 Rc1 38. Bf3 Ra1+ 39. Kb2 Ba6 40. Rb8+ Kg7 41. b4 Bc4 42. Rb6 gxh5 43. Kc3 Rc1+ 44. Kd2 Ra1 45. Be2 Ra2+ 46. Kc3 Bxe2 47. b5 Rxa5 48. Kd2 Rxb5 49. Rxb5 Bxb5 0-1


[Site "https://www.chess.com"]

[Event "Titled Tuesday Blitz February 14 Late 2023"]
[White "Gerbelli Neto, Eduardo"]
[Black "ritanovikova"]
[WhiteFideId "2103281"]
[WhiteElo "2114"]
[BlackElo "2189"]
[Result "1-0"]
[Round "11"]
[TimeControl "180+2"]
[Date "2023.02.14"]
[WhiteClock "0:00:10"]
[BlackClock "0:00:02"]

1. e4 d5 2. exd5 Qxd5 3. Nc3 Qd6 4. Bc4 Nf6 5. d3 a6 6. Bb3 Be6 7. Bxe6 Qxe6+ 8. Nge2 Nc6 9. O-O O-O-O 10. Bf4 h6 11. Re1 g5 12. Ng3 Qd7 13. Bd2 Bg7 14. Rb1 e6 15. b4 Nd4 16. a4 g4 17. b5 a5 18. Nge4 Nxe4 19. Nxe4 b6 20. c3 Nf5 21. d4 h5 22. Bg5 Rdf8 23. Bf6 Rfg8 24. Be5 Bxe5 25. dxe5 Qxd1 26. Rbxd1 Rd8 27. Nf6 Rxd1 28. Rxd1 Nh6 29. Nxh5 Ng8 30. Nf4 Ne7 31. c4 Rg8 32. Nd3 Nf5 33. c5 Nd4 34. cxb6 cxb6 35. Kf1 Kb7 36. Nf4 Nb3 37. Rd7+ Kc8 38. Rxf7 Nc5 39. h4 gxh3 40. gxh3 Nd7 41. Nxe6 Nxe5 42. Ra7 Kb8 43. Re7 Nc4 44. Rg7 Re8 45. Rg6 Nb2 46. h4 Nxa4 47. h5 Nc3 48. h6 Nxb5 49. h7 1-0


[Site "https://www.chess.com"]

[Event "Titled Tuesday Blitz February 14 Late 2023"]
[White "Clawitter, Craig"]
[Black "Golubev, Mikhail"]
[WhiteFideId "2023105"]
[BlackFideId "14100983"]
[WhiteElo "2050"]
[BlackElo "2461"]
[Result "0-1"]
[Round "11"]
[TimeControl "180+2"]
[Date "2023.02.14"]
[WhiteClock "0:00:09"]
[BlackClock "0:00:08"]

1. e4 d6 2. d4 g6 3. Nc3 Bg7 4. Be3 c6 5. Qd2 b5 6. Bd3 Nd7 7. Nf3 a6 8. h3 e5 9. O-O Ngf6 10. dxe5 dxe5 11. Bh6 O-O 12. Rfe1 Qe7 13. a3 Nc5 14. Bxg7 Kxg7 15. Rad1 Nfd7 16. Bf1 Nb7 17. Ne2 Ndc5 18. Ng3 f6 19. b3 Ne6 20. Qc3 c5 21. a4 Nd4 22. Nxd4 cxd4 23. Qa1 b4 24. Bc4 Nd6 25. Bd5 Bb7 26. Bxb7 Qxb7 27. f4 Qb6 28. Rd3 Rac8 29. Re2 exf4 30. Qxd4 Qxd4+ 31. Rxd4 fxg3 32. Rxd6 Rfd8 33. Rxd8 Rxd8 34. Kf1 Rd1+ 35. Re1 Rxe1+ 36. Kxe1 f5 37. exf5 gxf5 38. Ke2 Kf6 39. Kf3 Ke5 40. Kxg3 Kd4 41. Kf4 Kc3 42. Kxf5 Kxc2 43. g4 Kxb3 44. g5 Ka3 45. h4 b3 46. h5 b2 47. g6 b1=Q+ 48. Kf6 hxg6 49. hxg6 Qb2+ 50. Kf7 Qb3+ 51. Kf8 Qb4+ 52. Kf7 Qc4+ 53. Kf6 Qd4+ 54. Kf7 Qf4+ 55. Ke7 Qg5+ 56. Kf7 Kxa4 57. g7 Qxg7+ 0-1


[Site "https://www.chess.com"]

[Event "Titled Tuesday Blitz February 14 Late 2023"]
[White "Melikhov, Evgeny V."]
[Black "De Souza, Cristiano Gomes"]
[WhiteFideId "4122046"]
[BlackFideId "2151758"]
[WhiteElo "2269"]
[BlackElo "2018"]
[Result "0-1"]
[Round "11"]
[TimeControl "180+2"]
[Date "2023.02.14"]
[WhiteClock "0:00:01"]
[BlackClock "0:00:13"]

1. d4 Nf6 2. c4 g6 3. Nc3 Bg7 4. e4 d6 5. f3 O-O 6. Be3 Nc6 7. Nge2 a6 8. Qd2 Rb8 9. Bh6 b5 10. Ng3 b4 11. Nd5 Bxh6 12. Nxf6+ exf6 13. Qxh6 Nxd4 14. O-O-O c5 15. h4 Qa5 16. h5 Rb7 17. hxg6 fxg6 18. Kb1 Rg7 19. Bd3 Qc7 20. Rh2 a5 21. Rdh1 a4 22. Nf1 f5 23. Ne3 Be6 24. Rh4 Qf7 25. R4h2 f4 26. Nd5 Bxd5 27. cxd5 Qf6 28. Bc4 g5 29. Qxf6 Rxf6 30. e5 dxe5 31. d6+ Kh8 32. Rh6 Rxh6 33. Rxh6 Rd7 34. Bd5 Nf5 35. Be6 Rxd6 36. Rf6 Nd4 37. Rf8+ Kg7 38. Rg8+ Kh6 39. Bg4 b3 40. axb3 axb3 41. Kc1 Ne2+ 42. Kb1 Rd1# 0-1


[Site "https://www.chess.com"]

[Event "Titled Tuesday Blitz February 14 Late 2023"]
[White "Romero Ruscalleda, Josep"]
[Black "FuenfgegenWilly"]
[WhiteFideId "2231859"]
[WhiteElo "2160"]
[BlackElo "2322"]
[Result "1-0"]
[Round "11"]
[TimeControl "180+2"]
[Date "2023.02.14"]
[WhiteClock "0:00:55"]
[BlackClock "0:00:02"]

1. e4 c5 2. c3 d5 3. exd5 Qxd5 4. d4 Nf6 5. Nf3 Bg4 6. dxc5 Qxc5 7. Be3 Qc7 8. Nbd2 e6 9. Qa4+ Nc6 10. Bf4 Bd6 11. Bxd6 Qxd6 12. O-O-O O-O-O 13. Bb5 a6 14. Ne4 Qc7 15. Bxc6 Qxc6 16. Qxc6+ bxc6 17. Nxf6 gxf6 18. Rxd8+ Rxd8 19. Nd4 Kc7 20. f3 Bh5 21. Re1 Bg6 22. Re3 c5 23. Ne2 Kc6 24. g4 Rd3 25. Rxd3 Bxd3 26. Nf4 Bc4 27. b3 Bd5 28. Nxd5 Kxd5 29. Kd2 Ke5 30. Ke3 a5 31. c4 f5 32. f4+ Kd6 33. gxf5 exf5 34. Kf3 Ke6 35. Kg3 Kf6 36. Kf3 Ke6 37. Ke3 Kf6 38. Kd3 Kg6 39. a3 f6 40. Kc3 Kh5 41. b4 axb4+ 42. axb4 cxb4+ 43. Kxb4 Kg4 44. c5 Kxf4 45. c6 Kf3 46. c7 f4 47. c8=Q Ke3 48. Qe6+ Kf2 49. Qxf6 f3 50. Qg7 h5 51. Qg5 Ke1 52. Qxh5 f2 53. Qf3 Kf1 54. h4 Kg1 55. Qxf2+ Kxf2 56. h5 1-0


[Site "https://www.chess.com"]

[Event "Titled Tuesday Blitz February 14 Late 2023"]
[White "Georg, Heinz"]
[Black "Curtis, John"]
[WhiteFideId "4607295"]
[BlackFideId "3200256"]
[WhiteElo "2107"]
[BlackElo "2292"]
[Result "1-0"]
[Round "11"]
[TimeControl "180+2"]
[Date "2023.02.14"]
[WhiteClock "0:00:55"]
[BlackClock "0:00:07"]

1. e4 c5 2. Nf3 d6 3. Bb5+ Nc6 4. O-O Bg4 5. c3 Rc8 6. d4 a6 7. Bxc6+ Rxc6 8. Be3 cxd4 9. cxd4 d5 10. e5 e6 11. Nbd2 Bb4 12. Qb3 Bxd2 13. Nxd2 Qc7 14. Qa3 Ne7 15. Nb3 O-O 16. f3 Bf5 17. Nc5 Nc8 18. Rac1 Nb6 19. b3 Rc8 20. Qb2 Nd7 21. b4 Nxc5 22. dxc5 Qd7 23. Bd4 R6c7 24. Qb3 b5 25. Qe3 Qc6 26. g4 Bg6 27. h4 h5 28. Qg5 1-0


[Site "https://www.chess.com"]

[Event "Titled Tuesday Blitz February 14 Late 2023"]
[White "Abdi, Farzad"]
[Black "Bongo Akanga Ndjila, Barthelemy"]
[WhiteFideId "2076829"]
[BlackFideId "10609431"]
[WhiteElo "2068"]
[BlackElo "1824"]
[Result "1-0"]
[Round "11"]
[TimeControl "180+2"]
[Date "2023.02.14"]
[WhiteClock "0:01:19"]
[BlackClock "0:01:12"]

1. e4 e6 2. d4 d5 3. e5 c5 4. c3 Nc6 5. Nf3 Qb6 6. Bd3 Bd7 7. dxc5 Bxc5 8. O-O a5 9. Nbd2 Nh6 10. Nb3 Be7 11. Be3 Qc7 12. Re1 Ng4 13. Bf4 a4 14. Nbd4 Nxd4 15. Nxd4 Nh6 16. Qd2 a3 17. b3 O-O 18. Bxh6 gxh6 19. Qxh6 Kh8 20. Qxh7# 1-0


[Site "https://www.chess.com"]

[Event "Titled Tuesday Blitz February 14 Late 2023"]
[White "Rose, Felix"]
[Black "Sailer, Mike"]
[WhiteFideId "5105722"]
[BlackFideId "2012901"]
[WhiteElo "2091"]
[BlackElo "2109"]
[Result "1-0"]
[Round "11"]
[TimeControl "180+2"]
[Date "2023.02.14"]
[WhiteClock "0:00:20"]
[BlackClock "0:00:02"]

1. d4 g6 2. e4 Bg7 3. Nf3 c6 4. h3 d5 5. e5 Bf5 6. Be2 Nh6 7. Bf4 Be4 8. Qd2 Bxf3 9. Bxf3 Nf5 10. g4 Nh4 11. Ke2 Nxf3 12. Kxf3 e6 13. h4 c5 14. c3 cxd4 15. cxd4 Nc6 16. Nc3 Qb6 17. Rad1 O-O-O 18. Kg3 Kb8 19. a4 Qb3 20. h5 Ka8 21. f3 gxh5 22. Rxh5 f6 23. exf6 Bxf6 24. Nb5 Rd7 25. Nc7+ Rxc7 26. Bxc7 Nxd4 27. Qd3 Qxb2 28. g5 Rg8 29. Qxh7 Nf5+ 30. Kh3 Rc8 31. Qd7 Rg8 32. Qxe6 Rf8 33. Qxf6 1-0


[Site "https://www.chess.com"]

[Event "Titled Tuesday Blitz February 14 Late 2023"]
[White "Leonte, Sebastian-Marian"]
[Black "Levine, David"]
[WhiteFideId "1268767"]
[BlackFideId "2011611"]
[WhiteElo "1279"]
[BlackElo "2040"]
[Result "0-1"]
[Round "11"]
[TimeControl "180+2"]
[Date "2023.02.14"]
[WhiteClock "0:00:23"]
[BlackClock "0:00:54"]

1. e4 e5 2. Nf3 Nc6 3. Bb5 a6 4. Ba4 Nf6 5. O-O Be7 6. Re1 b5 7. Bb3 d6 8. h3 Na5 9. d3 Bb7 10. Nc3 O-O 11. Bd2 c5 12. Bd5 Nc6 13. a3 Nxd5 14. Nxd5 Re8 15. c3 Bf8 16. b4 h6 17. Ne3 Ne7 18. Ng4 Ng6 19. Be3 cxb4 20. axb4 d5 21. exd5 Qxd5 22. Bb6 Rac8 23. Ne3 Qd7 24. Qd2 Nf4 25. d4 Bxf3 26. gxf3 Qxh3 27. dxe5 Rc6 0-1


[Site "https://www.chess.com"]

[Event "Titled Tuesday Blitz February 14 Late 2023"]
[White "Sariego Figueredo, Wilfredo"]
[Black "Balog, Imre"]
[WhiteFideId "3500080"]
[BlackFideId "728446"]
[WhiteElo "2318"]
[BlackElo "2615"]
[Result "0-1"]
[Round "11"]
[TimeControl "180+2"]
[Date "2023.02.14"]
[WhiteClock "0:00:04"]
[BlackClock "0:00:13"]

1. d4 Nf6 2. Bf4 g6 3. Nc3 Bg7 4. e4 d6 5. Qd2 h6 6. h4 Nbd7 7. Nf3 c5 8. e5 cxd4 9. Qxd4 dxe5 10. Bxe5 Nxe5 11. Qxd8+ Kxd8 12. Nxe5 Ke8 13. O-O-O a6 14. Bc4 Rf8 15. Rhe1 Nd7 16. Nd5 Bxe5 17. Rxe5 e6 18. Nc7+ Ke7 19. Rxd7+ Bxd7 20. Nxa8 Rxa8 21. Re3 Rc8 22. Bb3 Bc6 23. g4 Rd8 24. c3 Kf6 25. f4 Bd5 26. Bxd5 Rxd5 27. Kc2 e5 28. fxe5+ Rxe5 29. Rf3+ Ke6 30. Rf4 Re2+ 31. Kb3 f5 32. gxf5+ gxf5 33. a4 Ke5 34. Rb4 f4 35. Rxb7 f3 0-1


[Site "https://www.chess.com"]

[Event "Titled Tuesday Blitz February 14 Late 2023"]
[White "Cruz Gomez, Miguel Angel"]
[Black "Manu_ChessExcelsior"]
[WhiteFideId "5137160"]
[WhiteElo "1950"]
[BlackElo "1985"]
[Result "0-1"]
[Round "11"]
[TimeControl "180+2"]
[Date "2023.02.14"]
[WhiteClock "0:01:15"]
[BlackClock "0:01:01"]

1. e4 e5 2. Bc4 Nf6 3. d3 d5 4. exd5 Nxd5 5. Nc3 Be6 6. Bxd5 Bxd5 7. Qg4 Be6 8. Qg3 Nc6 9. Nge2 Qd7 10. Be3 O-O-O 11. Nb5 a6 12. a4 f5 13. f4 e4 14. dxe4 fxe4 15. O-O Bc4 16. Nec3 Bxf1 17. Kxf1 Bb4 18. Rd1 Qf5 19. Nd4 Nxd4 0-1


[Site "https://www.chess.com"]

[Event "Titled Tuesday Blitz February 14 Late 2023"]
[White "Marcolino, Daniel Mattos"]
[Black "Liu, Casper"]
[WhiteFideId "2106841"]
[BlackFideId "1454153"]
[WhiteElo "2006"]
[BlackElo "2278"]
[Result "0-1"]
[Round "11"]
[TimeControl "180+2"]
[Date "2023.02.14"]
[WhiteClock "0:00:09"]
[BlackClock "0:00:09"]

1. d4 Nf6 2. Nf3 e6 3. g3 d5 4. Bg2 Be7 5. O-O O-O 6. c4 dxc4 7. Qc2 Nbd7 8. Nbd2 Nb6 9. Nxc4 Nxc4 10. Qxc4 a6 11. Ne5 Nd5 12. e4 Nb6 13. Qc3 f6 14. Nd3 Na4 15. Qb3 Qxd4 16. Be3 Qd7 17. Rfd1 Qb5 18. Qc2 Bd7 19. b3 Nb6 20. Qxc7 Bd8 21. Qd6 Rc8 22. Rac1 Bc6 23. a4 Qxb3 24. Rb1 Qa2 25. Bxb6 Bxb6 26. Rxb6 Bxa4 27. Rb2 Qc4 28. Rdd2 Rfd8 29. Qb6 Rxd3 30. Rxd3 Qxd3 31. Qxb7 Rc1+ 0-1


[Site "https://www.chess.com"]

[Event "Titled Tuesday Blitz February 14 Late 2023"]
[White "Oliveira, Tiago Batista"]
[Black "Tarnowska, Aleksandra"]
[WhiteFideId "2108291"]
[BlackFideId "1180967"]
[WhiteElo "1991"]
[BlackElo "1835"]
[Result "1-0"]
[Round "11"]
[TimeControl "180+2"]
[Date "2023.02.14"]
[WhiteClock "0:00:28"]
[BlackClock "0:00:02"]

1. d4 d5 2. c4 e6 3. Nf3 Nf6 4. g3 Be7 5. Bg2 O-O 6. O-O c5 7. cxd5 Nxd5 8. e4 Nf6 9. e5 Nd5 10. dxc5 Nd7 11. Nbd2 Nxc5 12. Nd4 Nd3 13. Ne4 Nxc1 14. Rxc1 Bd7 15. a3 Qb6 16. b4 Rac8 17. Qd3 a6 18. Rfe1 Rfd8 19. Rxc8 Rxc8 20. h4 Ba4 21. Ng5 Bxg5 22. hxg5 Qc7 23. Bxd5 exd5 24. Nf5 Bc6 25. e6 Rf8 26. e7 Re8 27. Qd4 f6 28. gxf6 Bd7 29. f7+ Kxf7 30. Qxg7# 1-0